 Dungeon Crawl Stone Soup version 0.31-a0-765-g67fe2935dc (webtiles) character file.

Game seed: 17716380871920261927

3401 jlumianski the Blocker (level 10, 0/77 HPs)
             Began as a Formicid Fighter on Sept 13, 2023.
             Was a Believer of Makhleb.
             Slain by a troll (8 damage)
             ... on level 9 of the Dungeon on Sept 16, 2023.
             The game lasted 01:01:05 (9715 turns).

jlumianski the Blocker (Formicid Fighter)           Turns: 9715, Time: 01:01:05

Health: 0/77       AC:  9    Str: 25    XL:     10   Next: 24%
Magic:  15/15      EV:  8    Int:  8    God:    Makhleb [**....]
Gold:   531        SH: 16    Dex: 13    Spells: 9/9 levels left

rFire   . . .        e - +0 bardiche
rCold   . . .        i - +1 tower shield
rNeg    . . .        b - +0 scale mail
rPois   +            (helmet unavailable)
rElec   .            u - +1 cloak of the Orb {+Inv rPois rCorr}
rCorr   +            (no gloves)
SInv    +            (no boots)
Will    ++...        (no amulet)
Stlth   +            j - ring of willpower
HPRegen 0.32/turn    (no ring)
MPRegen 0.14/turn

%: no passive effects
@: studying Invocations
A: permanent stasis, dig shafts and tunnels, antennae 3, four strong arms
a: Dig, Shaft Self, Renounce Religion, Evoke Invisibility, Minor Destruction


You were on level 9 of the Dungeon.
You worshipped Makhleb.
Makhleb was pleased with you.
You visited 1 branch of the dungeon, and saw 10 of its levels.

You collected 531 gold pieces.

Inventory:

Hand Weapons
 a - a +0 war axe
 e - a +0 bardiche (weapon)
 x - a +0 orcbow
Missiles
 g - 74 stones
 q - 4 boomerangs
 z - 33 poisoned darts (quivered)
 C - a curare-tipped dart
Armour
 b - a +0 scale mail (worn)
 c - a +0 buckler
 i - a +1 tower shield (worn)
 u - the +1 cloak of the Orb (worn) {+Inv rPois rCorr}
   (You found it on level 6 of the Dungeon)

   rPois:     It protects you from poison +Inv: It lets you turn invisible.
   rCorr:     It protects you from acid and corrosion.
 G - +0 steam dragon scales
Magical Staves
 f - a staff of fire
 k - a staff of earth
 y - a staff of air
Jewellery
 j - a ring of willpower (left hand)
Talismans
 H - a flux talisman
Wands
 A - a wand of iceblast (6)
 F - a wand of charming (7)
Scrolls
 h - a scroll of poison
 l - 2 scrolls of teleportation
 m - a scroll of immolation
 p - a scroll of enchant weapon
 t - 2 scrolls of amnesia
 v - 3 scrolls of fog
Potions
 o - a potion of brilliance
 r - a potion of mutation
 s - a potion of cancellation
 B - a potion of haste
 E - 2 potions of ambrosia


   Skills:
 * Level 6.8 Fighting
 - Level 2.0(4.5) Axes
 + Level 6.4(6.6) Polearms
 - Level 1.0 Throwing
 + Level 6.2 Armour
 - Level 1.4 Dodging
 - Level 4.3 Stealth
 + Level 9.2 Shields
 * Level 7.2 Invocations
 * Level 3.9 Evocations


You had 9 spell levels left.
You didn't know any spells.
Your spell library contained the following spells:

 Spells                   Type           Power      Damage    Failure   Level
 Slow                     Hex            0%         N/A       98%         1
 Lesser Beckoning         Tloc           0%         N/A       99%         2
 Momentum Strike          Conj/Tloc      0%         3d8       99%         2
 Confusing Touch          Hex            0%         N/A       100%        3
 Sigil of Binding         Hex            0%         N/A       100%        3
 Vampiric Draining        Necr           0%         2d6       100%        3
 Blink                    Tloc           Unusable   N/A       N/A         2

Dungeon Overview and Level Annotations

Branches:
Dungeon (10/15)            Temple (0/1) D:6
   Lair: D:8-11         Orc: D:9-12

Altars:
Makhleb
Sif Muna
Wu Jian
Zin


Innate Abilities, Weirdness & Mutations

You cannot be hasted, slowed, berserked, paralysed or teleported.
You can dig through walls and to a lower floor.
You have a pair of large antennae on your head. (SInv)
Your four strong arms can wield two-handed weapons with a shield.


Message History

There is a stone staircase leading down here.
You now have 531 gold pieces (gained 16).
Found a whip.
A troll comes into view.
The troll shouts!
You slice the troll!!
The troll is heavily wounded.
You block the troll's attack. The troll claws you but does no damage.
You block the troll's attack. The troll bites you! The troll claws you!
The troll barely misses you.
You closely miss the troll.
The troll is heavily wounded.
You block the troll's attack. The troll claws you!
The troll claws you but does no damage. You block the troll's attack.
The troll claws you. x2
You hit the troll.
The troll is heavily wounded.
The troll bites you. The troll barely misses you. You block the troll's attack.
You barely miss the troll.
The troll is heavily wounded.
The troll bites you but does no damage. The troll barely misses you.
You block the troll's attack. x3; The troll claws you.
You slash the troll!
The troll is severely wounded.
You block the troll's attack. The troll claws you!
You block the troll's attack. x2; The troll claws you! x2
* * * LOW HITPOINT WARNING * * *
You slash the troll!
The troll is almost dead.
The troll bites you.
* * * LOW HITPOINT WARNING * * *
You block the troll's attack. x2; The troll bites you!
* * * LOW HITPOINT WARNING * * *
The troll claws you but does no damage. The troll closely misses you.
You feel better. The troll bites you but does no damage.
You block the troll's attack. The troll barely misses you.
You hit the troll.
The troll is almost dead.
You block the troll's attack. x2; The troll claws you!
You die...

#...# #...# #...#
#...# # #...# .# .
#...# ..#
...####...####..##
......T@..........
..................
....).............
#...######.#######
#.. #.# #.
#.######### .
.######..........
.........<.......
#.......#####....


You could see a troll.

Vanquished Creatures
  A wyvern (D:8)
  4 vampire mosquitoes (D:10)
  3 steam dragons
  3 black bears (D:7)
  2 sky beasts
  An ogre (D:5)
  2 centaurs
  3 kobold brigands
  6 bullfrogs
  3 scorpions
  2 killer bees
  A howler monkey (D:4)
  3 hounds (D:6)
  A gnoll bouda (D:8)
  3 jellies
  5 orc priests
  A sleepcap (D:7)
  2 iguanas
  4 orc wizards
  9 adders
  5 gnolls (D:8)
  A shadow imp (D:6)
  2 white imps
  An ufetubus (D:6)
  2 worms
  17 orcs
  6 endoplasms
  A giant cockroach (D:4)
  6 goblins
  5 hobgoblins
  6 quokkas
  10 ball pythons
  7 bats
  2 frilled lizards
  15 kobolds
  4 rats
149 creatures vanquished.

Vanquished Creatures (others)
  A wight (D:7)
1 creature vanquished.

Grand Total: 150 creatures vanquished

Notes
Turn   | Place    | Note
-------+----------+-------------------------------------------
     0 | D:1      | jlumianski the Formicid Fighter began the quest for the
                  | Orb.
     0 | D:1      | Reached XP level 1. HP: 18/18 MP: 1/1
   311 | D:1      | Reached XP level 2. HP: 24/24 MP: 2/2
   581 | D:3      | Found a glowing silver altar of Zin.
   632 | D:4      | Reached skill level 1 in Polearms
   632 | D:4      | Reached XP level 3. HP: 27/29 MP: 3/3
   756 | D:2      | Reached skill level 1 in Stealth
   972 | D:3      | Reached XP level 4. HP: 15/36 MP: 4/4
  1170 | D:3      | Found a burning altar of Makhleb.
  1184 | D:3      | Became a worshipper of Makhleb the Destroyer
  1370 | D:5      | Entered Level 5 of the Dungeon
  1385 | D:4      | Reached XP level 5. HP: 34/42 MP: 5/5
  1429 | D:4      | Reached skill level 5 in Shields
  2790 | D:4      | Reached XP level 6. HP: 33/48 MP: 6/6
  3412 | D:5      | Reached skill level 1 in Dodging
  3412 | D:5      | Reached skill level 1 in Invocations
  3460 | D:6      | Reached XP level 7. HP: 32/55 MP: 6/8
  4088 | D:6      | Reached * piety under Makhleb
  4247 | D:6      | Reached skill level 6 in Shields
  4283 | D:6      | Reached skill level 1 in Throwing
  4283 | D:6      | Reached XP level 8. HP: 15/61 MP: 9/9
  4762 | D:5      | Reached skill level 5 in Fighting
  5185 | D:6      | HP: 2/58 [something/ball of steam (22)]
  5836 | D:6      | Reached skill level 7 in Shields
  5883 | D:6      | Identified the +1 cloak of the Orb {+Inv rPois rCorr}
  6194 | D:6      | Found a staircase to the Ecumenical Temple.
  6231 | D:6      | Reached skill level 1 in Evocations
  6351 | D:6      | Identified a scroll of acquirement
  6351 | D:6      | Acquired a manual of Invocations
  6460 | D:7      | Reached XP level 9. HP: 68/68 MP: 11/11
  6652 | D:7      | Reached skill level 5 in Polearms
  6756 | D:7      | Reached skill level 5 in Armour
  7014 | D:8      | Reached skill level 8 in Shields
  7157 | D:7      | Reached skill level 5 in Invocations
  8008 | D:8      | Noticed a troll
  8233 | D:7      | Upgraded the game from 0.31-a0-744-gbc345e7fcb to
                  | 0.31-a0-765-g67fe2935dc
  8627 | D:8      | Reached ** piety under Makhleb
  8720 | D:8      | Reached XP level 10. HP: 69/70 MP: 14/14
  8782 | D:8      | Noticed a tengu warrior
  8883 | D:8      | You fall into a shaft and drop 2 floors!
  8883 | D:10     | Entered Level 10 of the Dungeon
  9257 | D:10     | Reached skill level 9 in Shields
  9472 | D:10     | Found a shimmering blue altar of Sif Muna.
  9473 | D:10     | Found an ornate altar of the Wu Jian Council.
  9713 | D:9      | HP: 2/77 [troll (11)]
  9715 | D:9      | Slain by a troll

Illustrated notes

Levels and vault maps discovered:
D:1:      psy_arrival_fountain, layout_loops_ring
D:2:      layout_basic, kennysheep_cluttered_room
D:3:      layout_rooms, lemuel_crystal_altar, mainiacjoe_overflow_tiny_flanked
D:4:      layout_loops_ring, st_stairs_14, uniq_ijyb
D:5:      layout_loops_corners, kennysheep_generic_room_15
D:6:      layout_basic, minmay_temple_entry_offerings
D:7:      layout_basic, serial_glass, glass_columns_b, glass_columns_a
D:8:      layout_loops_ring, minmay_fractal_squares_diagonal_5
D:9:      layout_small_grid, david_orc_1_choice, serial_shops, shop
D:10:     layout_loops_ring, amethyst_overflow_temple_binary,
          dreamdust_deal_with_the_devil

Skill      XL: |  1  2  3  4  5  6  7  8  9 10 |
---------------+-------------------------------+-----
Polearms       | 1 2 3 4 6 |  6.4
Stealth        | 1 2 3 4 |  4.3
Fighting       | 4 5 6 |  6.8
Shields        | 5 6 7 8 9 |  9.2
Dodging        | 1 |  1.4
Invocations    | 1 2 3 6 7 |  7.2
Armour         | 4 5 6 |  6.2
Throwing       | 1 |  1.0
Evocations     | 1 3 |  3.9
Axes           | |  2.0

Action                     |  1- 3 |  4- 6 |  7- 9 | 10-12 || total
---------------------------+-------+-------+-------+-------++-------
  Melee: Bardiche          |   131 |   151 |   307 |    71 ||   660
  Throw: Boomerang         |       |     1 |     6 |       ||     7
         Dart              |       |       |     5 |       ||     5
 Invoke: Minor Destruction |       |       |       |     1 ||     1
Ability: Dig               |       |       |     6 |       ||     6
         Shaft Self        |       |       |       |     1 ||     1
  Evoke: Wand              |       |       |     3 |       ||     3
    Use: Potion            |     2 |       |     3 |     2 ||     7
         Scroll            |       |     7 |     7 |     6 ||    20
   Stab: Sleeping          |       |       |     2 |       ||     2
 Armour: Scale mail        |    95 |   107 |   274 |   123 ||   599
         Skin              |    31 |       |       |       ||    31
  Dodge: Dodged            |    48 |    39 |    95 |    37 ||   219
  Block: Tower shield      |   142 |   166 |   361 |   151 ||   820
         Buckler           |     3 |       |       |       ||     3

Table legend: (Time is in decaauts)
 A = Elapsed time spent in this place.
 B = Non-inter-level travel time spent in this place.
 C = Inter-level travel time spent in this place.
 D = Time resting spent in this place.
 E = Time spent auto-exploring this place.
 F = Levels seen in this place.
 G = Mean time per level.
                   A        B        C        D        E       F      G
               +--------+--------+--------+--------+--------+-----+--------+
         Total |  10374 |  10277 |     97 |   2146 |   3676 |  10 | 1037.4 |
       Dungeon |  10374 |  10277 |     97 |   2146 |   3676 |  10 | 1037.4 |
               +--------+--------+--------+--------+--------+-----+--------+

Top non-repeatable levels by time:
     D:6: 2039 daAuts
     D:7: 1920 daAuts
     D:5: 1368 daAuts
     D:4: 976 daAuts
     D:2: 900 daAuts
     D:1: 799 daAuts
     D:8: 761 daAuts
     D:3: 709 daAuts
    D:10: 660 daAuts
     D:9: 239 daAuts
